AoeStats
← Clueless Clown

Arena

504330869Analyzed
2v2 RM · 27d ago on Sep 4, 2026· 52m 53s· 4 players
Game mode
Random Map
Map size
Medium (4 player)
Population
200
Speed
Normal
Resources
Standard
Victory
Conquest
Starting age
Dark Age
Ending age
Imperial Age
RankedLock teamsTeams togetherTeam positionsShared explorationLock speedFull tech treeHidden civsTurbo modeCheats
Victory
Defeat
🇺🇸 Slavs · United States
981
+12
🇦🇷 Britons · Argentina
871
+17
🇫🇷 Persians · France
904
-15
🇦🇷 Chinese · Argentina
887
-14
dark_29
0:26 Loom
10:37 Feudal Age
11:06 Double-Bit Axe
20:13 Castle Age
18:07 Gold Mining
20:30 Bloodlines
20:38 Forging
20:43 Horse Collar
21:20 Bow Saw
22:20 Husbandry
22:34 Stone Mining
22:49 Heavy Plow
24:28 Wheelbarrow
23:44 Town Watch
28:36 Scale Barding Armor
30:15 Kamandaran
32:50 Imperial Age
30:19 Murder Holes
30:45 Ballistics
30:46 Fletching
30:56 Padded Archer Armor
30:22 Crossbowman
31:10 Thumb Ring
32:56 Leather Archer Armor
32:37 Bodkin Arrow
34:47 Ring Archer Armor
36:18 Two-Man Saw
36:33 Heavy Camel Rider
CapitanMOTA
0:31 Loom
11:15 Feudal Age
16:45 Castle Age
15:13 Horse Collar
15:19 Double-Bit Axe
15:34 Gold Mining
19:37 Wheelbarrow
22:00 Bow Saw
24:08 Fletching
24:18 Padded Archer Armor
25:05 Stone Mining
26:10 Ballistics
25:55 Light Cavalry
26:46 Bloodlines
26:41 Husbandry
27:33 Bodkin Arrow
30:31 Hand Cart
30:56 Scale Barding Armor
32:54 Forging
33:05 Chain Barding Armor
34:18 Town Watch
37:27 Imperial Age
37:06 Iron Casting
36:52 Heavy Plow
37:30 Thumb Ring
37:39 Town Patrol
39:36 Block Printing
41:06 Chemistry
40:38 Bracer
40:54 Leather Archer Armor
41:16 Plate Barding Armor
41:41 Blast Furnace
41:11 Heavy Cavalry Archer
48:28 Ring Archer Armor
Clueless Clown
10:27 Feudal Age
14:34 Castle Age
12:33 Double-Bit Axe
12:53 Horse Collar
15:20 Loom
16:41 Bow Saw
20:33 Wheelbarrow
20:44 Heavy Plow
21:49 Hand Cart
22:38 Scale Mail Armor
22:49 Forging
23:44 Chain Mail Armor
22:53 Man-at-Arms
24:29 Padded Archer Armor
24:21 Fletching
24:08 Elite Skirmisher
25:59 Leather Archer Armor
26:14 Bodkin Arrow
26:15 Gold Mining
26:15 Stone Mining
25:53 Long Swordsman
26:33 Squires
29:16 Ballistics
28:52 Murder Holes
31:27 Imperial Age
28:36 Pikeman
31:13 Iron Casting
30:46 Detinets
31:05 Scale Barding Armor
32:25 Gold Shaft Mining
33:17 Chemistry
32:48 Ring Archer Armor
32:50 Plate Mail Armor
33:20 Blast Furnace
31:42 Capped Ram
32:31 Two-Handed Swordsman
32:31 Halberdier
33:34 Chain Barding Armor
33:04 Siege Ram
33:55 Siege Engineers
34:40 Conscription
33:45 Champion
35:27 Caravan
36:28 Masonry
36:30 Fortified Wall
38:04 Two-Man Saw
38:13 Plate Barding Armor
38:44 Elite Boyar
39:27 Druzhina
40:26 Devotion
42:49 Elite Boyar
45:40 Hoardings
48:57 Faith
52:00 Crop Rotation
52:35 Spies/Treason
TurcoMenem
7:14 Loom
10:23 Feudal Age
14:14 Castle Age
12:07 Double-Bit Axe
12:49 Horse Collar
15:51 Bow Saw
16:40 Heavy Plow
21:23 Wheelbarrow
20:39 Town Watch
22:11 Stone Mining
24:38 Gold Mining
26:28 Hand Cart
28:34 Treadmill Crane
29:19 Ballistics
29:41 Gold Shaft Mining
29:16 Town Patrol
31:50 Imperial Age
29:14 Fletching
29:25 Padded Archer Armor
30:29 Coinage
30:33 Yeomen
30:37 Bodkin Arrow
30:58 Leather Archer Armor
31:40 Masonry
31:28 Murder Holes
31:47 Scale Mail Armor
31:52 Scale Barding Armor
32:42 Bracer
33:13 Ring Archer Armor
33:08 Conscription
32:41 Elite Longbowman
34:21 Chain Mail Armor
34:58 Guilds
35:23 Coinage
34:53 Caravan
36:11 Chemistry
35:43 Architecture
35:18 Siege Engineers
35:36 Squires
34:57 Pikeman
36:10 Halberdier
36:39 Gambesons
38:18 Hoardings
38:31 Plate Mail Armor
38:12 Forging
38:34 Fortified Wall
41:12 Iron Casting
40:59 Warwolf
Connection lost

Rejoining the realm…

Still unreachable

The connection could not be restored.

Session expired

The server has moved on; the page needs a fresh start.